 Dungeon Crawl Stone Soup version 0.29-a0-103-g37f86683bf (webtiles) character file.

Game seed: 9995890411649525894

7 drugrobin the Grasshopper (level 1, -1/17 HPs)
             Began as a Demigod Warper on Feb 16, 2022.
             Slain by a quokka (3 damage)
             ... on level 1 of the Dungeon.
             The game lasted 00:00:41 (533 turns).

drugrobin the Grasshopper (Demigod Warper)           Turns: 533, Time: 00:00:41

Health: -1/17      AC:  3    Str: 12    XL:     1   Next: 73%
Magic:  5/5        EV: 11    Int: 15    God:
Gold:   37         SH:  0    Dex: 13    Spells: 3/3 levels left

rFire   . . .      SeeInvis .   a - +0 spear
rCold   . . .      Faith    .   (no shield)
rNeg    . . .      Spirit   .   b - +0 leather armour
rPois   .          Reflect  .   (no helmet)
rElec   .          Harm     .   (no cloak)
rCorr   .          Rampage  .   (no gloves)
Will    .....                   (no boots)
Stlth   +.........              (no amulet)
HPRegen 0.05/turn               (no ring)
MPRegen 0.09/turn               (no ring)

@: no status effects
A: high MP 1, forlorn, divine attributes
a: no special abilities


You were on level 1 of the Dungeon.
You visited 1 branch of the dungeon, and saw 1 of its levels.

You collected 37 gold pieces.

Inventory:

Hand Weapons
 a - a +0 spear (weapon)
Missiles
 d - 5 boomerangs of dispersal
 g - 16 stones (quivered)
Armour
 b - a +0 leather armour (worn)
Jewellery
 f - a ring of fire
Scrolls
 c - a scroll of blinking
 e - a scroll of noise {unknown}
 h - 2 scrolls of silence {unknown}
 i - a scroll of enchant weapon {unknown}
 j - a scroll of fear {unknown}
 k - a scroll of immolation {unknown}


   Skills:
 - Level 1.7 Fighting
 + Level 2.4 Polearms
 - Level 0.8 Throwing
 - Level 0.8 Armour
 - Level 1.7 Dodging
 - Level 1.7 Spellcasting
 - Level 2.6 Translocations


You had 3 spell levels left.
You didn't know any spells.
Your spell library contained the following spells:

 Spells                   Type           Power      Damage    Failure   Level
 Blink                    Tloc           18%        N/A       14%         2
 Gell's Gravitas          Tloc           9%         N/A       28%         3
 Lesser Beckoning         Tloc           9%         N/A       28%         3
 Teleport Other           Tloc           9%         N/A       28%         3
 Portal Projectile        Hex/Tloc       10%        N/A       45%         3
 Call Canine Familiar     Summ           1%         N/A       65%         3
 Manifold Assault         Tloc           9%         N/A       95%         5
 Leda's Liquefaction      Hex/Erth       0%         N/A       96%         4


Dungeon Overview and Level Annotations

Branches:
Dungeon (1/15)


Innate Abilities, Weirdness & Mutations

You have an increased reservoir of magic. (+10% MP)
You shall have no god before yourself.
Your divine heritage dramatically boosts your attributes as you level up.


Message History

Unknown command.
Throw: 16 stones
Press: ? - help, Q - select action, (/) - cycle Shift-Dir - straight line, f/p - goblin
Aim: a goblin, wielding a +0 dagger (moderately wounded, 47% to hit)
You throw a stone. The stone hits the goblin.
You kill the goblin!
Unknown command.
You now have 23 gold pieces (gained 9).
i - a scroll labelled ESUG CORILUZIE
g - 16 stones (gained 1)
You see here a +0 dagger.
j - a scroll labelled KUWNIKHL JEIFOE
k - a scroll labelled PENUOF USHRA You open the door.
There is an open door here.
You now have 37 gold pieces (gained 14).
h - 2 scrolls labelled SAENOW HUVAUF (gained 1)
A quokka and an endoplasm come into view.
Found a ruby potion.
Throw: 16 stones
Press: ? - help, Q - select action, (/) - cycle Shift-Dir - straight line, f - quokka
Aim: a quokka (43% to hit)
Okay, then.
Reach: a) +0 spear
Press: ? - help, Dir - move target, f - quokka
Aim: a quokka (about 50% to evade your +0 spear)
You reach to attack!
You barely miss the quokka. You closely miss the quokka. The quokka bites you.
You barely miss the quokka. The quokka bites you.
You closely miss the quokka. The quokka bites you. x2
You hit the quokka but do no damage. The quokka closely misses you.
You closely miss the quokka. The quokka bites you.
* * * LOW HITPOINT WARNING * * *
You hit the quokka but do no damage. The quokka misses you.
The endoplasm jiggles.
You miss the quokka. The quokka bites you.
* * * LOW HITPOINT WARNING * * *
The endoplasm barely misses you. The quokka closely misses you.
You hit the quokka but do no damage. The quokka bites you.
You die...

#.......#######
######'###
#..####.......#
#......... #.......#
#......... #.......#
#......... #.......#
#......... +.......#
######.##.
#.......###### #.##.
#########.....######.##.
.......@rJ..............
###########.#.###.##.###
........# # ...
....J.... ..# ...!....##
........# ## ........#
#. ........# #.
........# ##.


You could see an endoplasm and a quokka.

Vanquished Creatures
  A ball python (D:1)
  3 endoplasms (D:1)
  2 goblins (D:1)
6 creatures vanquished.

Notes
Turn   | Place    | Note
-------+----------+-------------------------------------------
     0 | D:1      | drugrobin the Demigod Warper began the quest for the Orb.
     0 | D:1      | Reached XP level 1. HP: 17/17 MP: 5/5
   533 | D:1      | Slain by a quokka

Illustrated notes

Levels and vault maps discovered:
D:1:      minmay_arrival_plants_in_alcoves, layout_basic

Skill      XL: |  1 |
---------------+----+-----
Polearms       | 2 |  2.4
Fighting       | |  1.7
Throwing       | |  0.8
Armour         | |  0.8
Dodging        | |  1.7
Spellcasting   | |  1.7
Translocations | |  2.6

Action                   || total
-------------------------++-------
Melee: Spear             ||    25
       Punch             ||     2
Throw: Stone             ||     2
Dodge: Dodged            ||     6

Table legend: (Time is in decaauts)
 A = Elapsed time spent in this place.
 B = Non-inter-level travel time spent in this place.
 C = Inter-level travel time spent in this place.
 D = Time resting spent in this place.
 E = Time spent auto-exploring this place.
 F = Levels seen in this place.
 G = Mean time per level.
                   A        B        C        D        E       F      G
               +--------+--------+--------+--------+--------+-----+--------+
         Total |    532 |    532 |      0 |    179 |    281 |   1 |  532.0 |
       Dungeon |    532 |    532 |      0 |    179 |    281 |   1 |  532.0 |
               +--------+--------+--------+--------+--------+-----+--------+

Top non-repeatable levels by time:
     D:1: 532 daAuts
